 Dungeon Crawl Stone Soup version 0.23.2-40-g277498a001 (webtiles) character file.

Game seed: 17493954880477873212

86 Emblim88 the Grasshopper (level 4, -8/38 HPs)
             Began as a Gnoll Warper on Aug 24, 2019.
             Killed from afar by Natasha (12 damage)
             ... with a wand of flame (12)
             ... on level 3 of the Dungeon.
             The game lasted 00:03:30 (1967 turns).

Emblim88 the Grasshopper (Gnoll Warper)             Turns: 1967, Time: 00:03:31

Health: -8/38      AC:  3    Str: 13    XL:     4   Next: 49%
Magic:  0/11       EV: 14    Int: 15    God:
Gold:   142        SH:  0    Dex: 16    Spells: 6/13 levels left

rFire    x . .     SeeInvis .   a - +0 falchion
rCold    + . .     Gourm    .   (no shield)
rNeg     . . .     Faith    .   b - +0 leather armour
rPois    .         Spirit   +   (no helmet)
rElec    .         Reflect  .   (no cloak)
rCorr    .         Harm     .   (no gloves)
MR       .....                  (no boots)
Stlth    ++........             m - amulet of guardian spirit
HPRegen  0.12/turn              l - ring of ice
MPRegen  0.12/turn              (no ring)

@: slowed, very slow
A: distributed training, fangs 1, strong nose
a: no special abilities


You were on level 3 of the Dungeon.
You were not hungry.

You visited 1 branch of the dungeon, and saw 3 of its levels.

You collected 142 gold pieces.

Inventory:

Hand Weapons
 a - a +0 falchion (weapon)
Missiles
 e - a tomahawk of dispersal (quivered)
 q - 6 needles of confusion
Armour
 b - a +0 leather armour (worn)
Jewellery
 l - a ring of ice (left hand)
 m - an amulet of guardian spirit (around neck)
Scrolls
 c - a scroll of magic mapping {unknown}
 d - 2 scrolls of blinking
 g - 4 scrolls of identify {unknown}
 h - a scroll of immolation {unknown}
 i - a scroll of fear {unknown}
 p - 2 scrolls of teleportation {unknown}
Potions
 j - a potion of agility {unknown}
 k - a potion of lignification {unknown}
 n - 7 potions of curing
 o - a potion of degeneration {unknown}
Comestibles
 f - 6 rations


   Skills:
 + Level 4.6 Fighting
 + Level 1.1 Short Blades
 + Level 4.6 Long Blades
 + Level 1.1 Axes
 + Level 1.1 Maces & Flails
 + Level 1.1 Polearms
 + Level 1.1 Staves
 + Level 1.1 Slings
 + Level 1.1 Bows
 + Level 1.1 Crossbows
 + Level 2.7 Throwing
 + Level 2.7 Armour
 + Level 4.6 Dodging
 + Level 1.1 Stealth
 + Level 1.1 Shields
 + Level 1.1 Unarmed Combat
 + Level 5.1 Spellcasting
 + Level 0.9 Conjurations
 + Level 0.9 Hexes
 + Level 0.9 Charms
 + Level 0.9 Summonings
 + Level 0.9 Necromancy
 + Level 5.4 Translocations
 + Level 0.9 Transmutations
 + Level 0.9 Fire Magic
 + Level 0.9 Ice Magic
 + Level 0.9 Air Magic
 + Level 0.9 Earth Magic
 + Level 0.9 Poison Magic
 + Level 1.2 Invocations
 + Level 1.1 Evocations


You had 6 spell levels left.
You knew the following spells:

 Your Spells              Type           Power        Failure   Level  Hunger
a - Blink                 Tloc           N/A          3%          2    ##.....
b - Shroud of Golubria    Chrm/Tloc      ##........   9%          2    ##.....
c - Teleport Other        Tloc           ###.....     6%          3    ###....

Your spell library contained the following spells:

 Spells                   Type           Power        Failure   Level  Hunger
 Gell's Gravitas          Tloc           ###.......   6%          3    ###....
 Lesser Beckoning         Tloc           ###.......   6%          3    ###....
 Passage of Golubria      Tloc           N/A          22%         4    ####...


Dungeon Overview and Level Annotations

Branches:
Dungeon (3/15)

Altars:
Okawaru

Annotations:
D:3 Natasha


Innate Abilities, Weirdness & Mutations

Your experience applies equally to all skills.
You have very sharp teeth.
Your uncanny sense of smell can sniff out nearby items.


Message History

The rat misses you.
Natasha zaps a wand.
The puff of flame hits you! The fire burns you terribly!
* * * LOW HITPOINT WARNING * * *
The rat bites you.
You hit Natasha.
Natasha is heavily wounded.
Natasha barely misses you. The rat bites you. The rat closely misses you.
You riposte.
You hit the rat. You bite the rat, but do no damage.
The rat is heavily wounded.
Natasha barely misses you.
You hit Natasha but do no damage.
Natasha is heavily wounded.
The rat completely misses you.
You riposte.
You closely miss the rat. You bite the rat, but do no damage.
The rat is heavily wounded.
Natasha closely misses you. The rat misses you.
You riposte.
You hit the rat.
You kill the rat!
The rat completely misses you. The rat barely misses you.
Natasha zaps a wand.
The puff of flame hits you! The fire burns you terribly!
You die...

## #### #. #....#######.
### #....#....##. $.#
#....#.##....
...#?###r###..........##
...'wgr@†..+........<...
...###h#..##....#.######
...#..##..........##
#####..#######.###...
##.# #.# ###. #.# #.# #.
#†# #.# #. #.# #.# #.
#.# #.# #.


You could see a worm, Natasha, a hobgoblin and 2 rats.

Vanquished Creatures
  2 adders (D:3)
  A worm (D:2)
  4 dart slugs
  2 leopard geckos (D:2)
  8 bats
  6 giant cockroaches
  4 goblins (D:2)
  5 hobgoblins
  A frilled lizard (D:1)
  5 kobolds
  6 rats
44 creatures vanquished.

Vanquished Creatures (others)
  Natasha (D:3)
1 creature vanquished.

Grand Total: 45 creatures vanquished

Notes
Turn   | Place    | Note
-------+----------+-------------------------------------------
     0 | D:1      | Emblim88 the Gnoll Warper began the quest for the Orb.
     0 | D:1      | Reached XP level 1. HP: 20/20 MP: 6/6
    99 | D:1      | Reached XP level 2. HP: 26/26 MP: 7/7
   784 | D:2      | Reached XP level 3. HP: 31/31 MP: 3/9
   800 | D:2      | Reached skill level 5 in Spellcasting
  1076 | D:2      | Reached skill level 1 in Invocations
  1083 | D:2      | Found an iron altar of Okawaru.
  1426 | D:3      | Learned a level 2 spell: Blink
  1429 | D:3      | Learned a level 2 spell: Shroud of Golubria
  1433 | D:3      | Learned a level 3 spell: Teleport Other
  1454 | D:3      | Reached skill level 1 in Short Blades
  1454 | D:3      | Reached skill level 1 in Axes
  1454 | D:3      | Reached skill level 1 in Maces & Flails
  1454 | D:3      | Reached skill level 1 in Polearms
  1454 | D:3      | Reached skill level 1 in Staves
  1454 | D:3      | Reached skill level 1 in Slings
  1454 | D:3      | Reached skill level 1 in Bows
  1454 | D:3      | Reached skill level 1 in Crossbows
  1454 | D:3      | Reached skill level 1 in Stealth
  1454 | D:3      | Reached skill level 1 in Shields
  1454 | D:3      | Reached skill level 1 in Unarmed Combat
  1454 | D:3      | Reached skill level 1 in Evocations
  1735 | D:3      | Reached XP level 4. HP: 35/38 MP: 9/11
  1821 | D:3      | Noticed Natasha
  1833 | D:3      | Killed Natasha
  1950 | D:3      | Noticed Natasha
  1967 | D:3      | Killed from afar by Natasha

Skill      XL: |  1  2  3 |
---------------+----------+-----
Spellcasting   | 5 |  5.1
Invocations    | 1 |  1.2
Short Blades   | 1 |  1.1
Axes           | 1 |  1.1
Maces & Flails | 1 |  1.1
Polearms       | 1 |  1.1
Staves         | 1 |  1.1
Slings         | 1 |  1.1
Bows           | 1 |  1.1
Crossbows      | 1 |  1.1
Stealth        | 1 |  1.1
Shields        | 1 |  1.1
Unarmed Combat | 1 |  1.1
Evocations     | 1 |  1.1
Fighting       | |  4.6
Long Blades    | |  4.6
Throwing       | |  2.7
Armour         | |  2.7
Dodging        | |  4.6
Conjurations   | |  0.9
Hexes          | |  0.9
Charms         | |  0.9
Summonings     | |  0.9
Necromancy     | |  0.9
Translocations | |  5.4
Transmutations | |  0.9
Fire Magic     | |  0.9
Ice Magic      | |  0.9
Air Magic      | |  0.9
Earth Magic    | |  0.9
Poison Magic   | |  0.9

Action                   |  1- 3 |  4- 6 || total
-------------------------+-------+-------++-------
Melee: Falchion          |   112 |    50 ||   162
       Bite              |     9 |     6 ||    15
Throw: Tomahawk          |     4 |       ||     4
 Cast: Shroud of Golubri |       |     2 ||     2
 Stab: Sleeping          |     2 |       ||     2
  Eat: Ration            |     1 |       ||     1
       Chunk             |     1 |       ||     1
Armor: Leather armour    |    24 |    16 ||    40
Dodge: Dodged            |   102 |    44 ||   146
       Rpst.: Falchion   |    28 |    16 ||    44
